 Dungeon Crawl Stone Soup version 0.28-a0-1389-gc726bef33b (webtiles) character file.

Game seed: 3941310924478294683

17 Deminshera the Caller (level 2, 0/24 HPs)
             Began as an Ogre Summoner on Jan 3, 2022.
             Slain by a jackal (1 damage)
             ... on level 1 of the Dungeon.
             The game lasted 00:01:03 (454 turns).

Deminshera the Caller (Ogre Summoner)                Turns: 454, Time: 00:01:03

Health: 0/24       AC:  3    Str: 11    XL:     2   Next: 62%
Magic:  1/5        EV: 10    Int: 16    God:
Gold:   28         SH:  0    Dex:  9    Spells: 5/6 levels left

rFire   . . .      SeeInvis .   (no weapon)
rCold   . . .      Faith    .   (no shield)
rNeg    . . .      Spirit   .   a - +0 robe
rPois   .          Reflect  .   (helmet restricted)
rElec   .          Harm     .   (no cloak)
rCorr   .          Rampage  .   (gloves unavailable)
Will    .....                   (boots unavailable)
Stlth   ++........              (no amulet)
HPRegen 0.08/turn               (no ring)
MPRegen 0.09/turn               (no ring)

@: no status effects
A: large, unfitting armour, tough skin 1
a: no special abilities


You were on level 1 of the Dungeon.
You visited 1 branch of the dungeon, and saw 1 of its levels.

You collected 28 gold pieces.

Inventory:

Armour
 a - a +0 robe (worn)


   Skills:
 - Level 2.0 Dodging
 + Level 1.7 Stealth
 + Level 2.8 Spellcasting
 + Level 3.8 Summonings


You had 5 spell levels left.
You knew the following spells:

 Your Spells              Type           Power      Damage    Failure   Level
a - Summon Small Mammal   Summ           56%        N/A       4%          1

Your spell library contained the following spells:

 Spells                   Type           Power      Damage    Failure   Level
 Call Imp                 Summ           14%        N/A       6%          2
 Call Canine Familiar     Summ           14%        N/A       12%         3
 Summon Guardian Golem    Hex/Summ       8%         N/A       26%         3
 Summon Lightning Spire   Summ/Air       8%         N/A       65%         4


Dungeon Overview and Level Annotations

Branches:
Dungeon (1/15)

Altars:


Innate Abilities, Weirdness & Mutations

You are too large for most types of armour.
You have tough skin. (AC +1)


Message History

The hobgoblin hits you but does no damage.
The jackal misses you. Something closely misses your rat.
Your rat bites the hobgoblin.
You barely miss the jackal.
The jackal is lightly wounded.
The jackal misses you. Something bites your rat.
Your rat dies!
Your rat's corpse disappears in a puff of smoke!
The hobgoblin closely misses you.
You closely miss the jackal.
The jackal is lightly wounded.
The hobgoblin shouts!
The jackal closely misses you. The hobgoblin closely misses you.
The jackal closely misses you.
You aren't carrying any scrolls.
You aren't carrying any potions.
You hit the hobgoblin.
You kill the hobgoblin!
The jackal misses you.
Casting: Summon Small Mammal (safe; 4% risk of failure)
Press: ? - help, Q - select action Dir - look around, f - activate The jackal bites you but does no damage.
The jackal barely misses you. x2; The jackal closely misses you.
You miss the jackal.
The jackal is lightly wounded.
The jackal completely misses you. The jackal closely misses you.
Your rat misses the jackal.
You swap places.
The jackal bites you.
* * * LOW HITPOINT WARNING * * *
The jackal bites your rat.
Your rat dies!
Your rat's corpse disappears in a puff of smoke!
The jackal completely misses you.
Casting: Summon Small Mammal (safe; 4% risk of failure)
Press: ? - help, Q - select action Dir - look around, f - activate The jackal barely misses you.
The jackal closely misses you.
You closely miss the jackal.
Your bat closely misses the jackal.
Your bat hits the jackal but does no damage.
The jackal bites you.
You die...

#####...####... ................
#P.............P #≈P...........P≈
#≈≈P.........P≈≈ .. .#
#≈≈≈P.......P≈≈≈ #.## #.#
#≈≈≈≈P.....P≈≈≈≈ #
#..####.#####≈≈≈≈≈P.<.P≈≈≈≈≈ ..
#......#bh@#≈≈≈≈P.....P≈≈≈≈ ...
#......#.#h#≈≈≈P.......P≈≈≈
....###......#r#g#≈≈P..÷÷.....P≈≈
...g.........#g#h#≈P...÷.......P≈
...h...†.g...#h#.#P.............P
.......h...h.#.#.)...............
.###....grJ...g..#####...########
#.............# #...#
#####......[..# #...#


You could see 3 jackals, a hobgoblin and a friendly bat (summoned).

Vanquished Creatures
  2 hobgoblins (D:1)
  A jackal (D:1)
3 creatures vanquished.

Vanquished Creatures (collateral kills)
  A dart slug (D:1)
  A giant cockroach (D:1)
  A goblin (D:1)
  3 hobgoblins (D:1)
  A quokka (D:1)
  A bat (D:1)
  A frilled lizard (D:1)
  A kobold (D:1)
10 creatures vanquished.

Grand Total: 13 creatures vanquished

Notes
Turn   | Place    | Note
-------+----------+-------------------------------------------
     0 | D:1      | Deminshera the Ogre Summoner began the quest for the Orb.
     0 | D:1      | Reached XP level 1. HP: 16/16 MP: 3/3
   389 | D:1      | Reached XP level 2. HP: 24/24 MP: 3/5
   452 | D:1      | HP: 1/24 [jackal (1)]
   454 | D:1      | Slain by a jackal

Illustrated notes

Levels and vault maps discovered:
D:1:      eino_arrival_druids_welcome, layout_basic,
          dreamdust_ecumenical_altar_statues, minmay_tree_intersection

Skill      XL: |  1 |
---------------+----+-----
Dodging        | 2 |  2.0
Stealth        | |  1.7
Spellcasting   | |  2.8
Summonings     | |  3.8

Action                   || total
-------------------------++-------
Melee: Unarmed           ||    27
 Cast: Summon Small Mamm ||    11
Armor: Robe              ||    17
Dodge: Dodged            ||    40

Table legend: (Time is in decaauts)
 A = Elapsed time spent in this place.
 B = Non-inter-level travel time spent in this place.
 C = Inter-level travel time spent in this place.
 D = Time resting spent in this place.
 E = Time spent auto-exploring this place.
 F = Levels seen in this place.
 G = Mean time per level.
                   A        B        C        D        E       F      G
               +--------+--------+--------+--------+--------+-----+--------+
         Total |    454 |    454 |      0 |    296 |     54 |   1 |  454.0 |
       Dungeon |    454 |    454 |      0 |    296 |     54 |   1 |  454.0 |
               +--------+--------+--------+--------+--------+-----+--------+

Top non-repeatable levels by time:
     D:1: 454 daAuts
